 Dungeon Crawl Stone Soup version 0.29.1-1-gd02db6906a (webtiles) character file.

Game seed: 10749273146644123915

2712 Demigod47 the Cleaver (level 9, -2/78 HPs)
             Began as a Minotaur Fighter on Oct 17, 2022.
             Was a Believer of Okawaru.
             Slain by a lemure (3 damage)
             ... led by Pikel
             ... on level 6 of the Dungeon.
             The game lasted 00:12:39 (5850 turns).

Demigod47 the Cleaver (Minotaur Fighter)            Turns: 5850, Time: 00:12:39

Health: -2/78      AC:  6    Str: 26    XL:     9   Next: 39%
Magic:  8/8        EV: 12    Int:  9    God:    Okawaru [**....]
Gold:   236        SH:  4    Dex:  4    Spells: 8/8 levels left

rFire   . . .      SeeInvis .   m - +12 hand axe of Quurph {drain, rPois Int+4 Dex-5 Stlth+}
rCold   . . .      Faith    .   c - +0 buckler
rNeg    . . .      Spirit   .   p - +0 chain mail
rPois   +          Reflect  .   (helmet restricted)
rElec   .          Harm     .   (no cloak)
rCorr   .          Rampage  .   (no gloves)
Will    .....                   (no boots)
Stlth   ..........              (no amulet)
HPRegen 0.23/turn               i - +4 ring of slaying
MPRegen 0.11/turn               r - +4 ring of evasion

@: no status effects
A: horns 2, retaliatory headbutt, deformed body, sense surroundings 1
a: Renounce Religion, Heroism


You were on level 6 of the Dungeon.
You worshipped Okawaru.
Okawaru was pleased with you.
You visited 2 branches of the dungeon, and saw 8 of its levels.

You collected 250 gold pieces.
You donated 14 gold pieces to Zin.

Inventory:

Hand Weapons
 a - a +0 flail
 m - the +12 hand axe of Quurph (weapon) {drain, rPois Int+4 Dex-5 Stlth+}
   (You found it on level 4 of the Dungeon)

   A truly terrible weapon, it drains the life of any living foe it strikes.
   Int:       It affects your intelligence (+4).
   Dex:       It affects your dexterity (-5).
   rPois:     It protects you from poison.
   Stlth:     It makes you more stealthy.
Armour
 c - a +0 buckler (worn)
 p - a +0 chain mail (worn)
Jewellery
 e - a +6 ring of intelligence
 i - a +4 ring of slaying (left hand)
 q - a ring of protection from cold
 r - a +4 ring of evasion (right hand)
 s - a ring of resist corrosion
 t - an amulet of magic regeneration
Wands
 n - a wand of flame (18)
Scrolls
 f - 2 scrolls of blinking
 j - a scroll of fog
 k - a scroll of vulnerability
 l - 3 scrolls of teleportation
 o - 3 scrolls of amnesia
Potions
 d - 3 potions of might
 g - 5 potions of curing
 h - 4 potions of attraction


   Skills:
 + Level 6.5 Fighting
 * Level 9.5(10.3) Axes
 - Level 6.2(8.7) Maces & Flails
 + Level 8.0 Armour
 + Level 3.2 Dodging
 + Level 0.8 Stealth
 + Level 5.0 Shields
 + Level 1.0 Invocations


You had 8 spell levels left.
You didn't know any spells.
Your spell library contained the following spells:

 Spells                   Type           Power      Damage    Failure   Level
 Foxfire                  Conj/Fire      0%         2x1d4     95%         1
 Magic Dart               Conj           0%         1d3       95%         1
 Necrotise                Necr           0%         1d4       95%         1
 Sting                    Tmut/Pois      0%         1d3       95%         1
 Conjure Flame            Conj/Fire      0%         6-21      100%        3
 Gell's Gravitas          Tloc           0%         N/A       100%        3
 Inner Flame              Hex/Fire       0%         N/A       100%        3
 Lesser Beckoning         Tloc           0%         N/A       100%        3
 Mephitic Cloud           Conj/Pois/Air  0%         N/A       100%        3
 Teleport Other           Tloc           0%         N/A       100%        3
 Vampiric Draining        Necr           0%         2d6       100%        3
 Flame Wave               Conj/Fire      0%         2d4       100%        4
 Agony                    Necr           0%         N/A       100%        5
 Call Imp                 Summ           Unusable   N/A       N/A         2
 Summon Cactus Giant      Summ           Unusable   N/A       N/A         6
 Dragon's Call            Summ           Unusable   N/A       N/A         9

Dungeon Overview and Level Annotations

Branches:
Dungeon (7/15)             Temple (1/1) D:5

Altars:
Cheibriados
Dithmenos
Gozag
Makhleb
Okawaru
Ru
Sif Muna
Trog
Vehumet
Wu Jian
Yredelemnul
Zin
The Shining One

Shops:
D:5 =[*

Portals:
Bailey: D:7

Annotations:
D:7 Pikel


Innate Abilities, Weirdness & Mutations

You have a pair of horns on your head.
You reflexively headbutt those who attack you in melee.
Armour fits poorly on your strangely shaped body.
You passively map a small area around you.


Message History

The killer bee barely misses you.
You closely miss the killer bee. Your headbutt misses the killer bee.
The killer bee is almost dead.
A killer bee comes into view.
The killer bee closely misses you. You furiously retaliate!
You headbutt the killer bee!
You kill the killer bee!
Okawaru accepts your kill.
You see here 8 gold pieces.
The killer bee buzzes angrily.
You see here a scroll of identify.
The killer bee stings you but does no damage.
You block the killer bee's attack.
The killer bee stings you but does no damage.
The killer bee attacks as you move away!
The killer bee stings you.
* * * LOW HITPOINT WARNING * * *
The killer bee stings you but does no damage.
The killer bee attacks as you move away!
The killer bee closely misses you.
The killer bee stings you but does no damage.
You hear the faint creaking of a portcullis.
The killer bee barely misses you.
The killer bee attacks as you move away!
You block the killer bee's attack. The killer bee barely misses you.
The killer bee closely misses you. You block the killer bee's attack.
There is a stone staircase leading up here.
The killer bee stings you.
* * * LOW HITPOINT WARNING * * *
The lemure hits you!
* * * LOW HITPOINT WARNING * * *
You block the killer bee's attack.
You climb upwards.
There is a stone staircase leading down here.
You slice the lemure!!
The lemure is almost dead.
You hit the killer bee. You drain the killer bee. The killer bee stings you.
* * * LOW HITPOINT WARNING * * *
The lemure hits you.
You die...

#..#.####+#.......####..#####'###
...#.# #.#.............#........
(..#.####...............#........
...#......##'####.......#........
...#.#######.## #.......#........
...#.# #..####..........#'###
...#.# ##...##...##.##..#.#
#..### ###y5[.#.##.##..### #..#
##@###.##.##..# #..#
####'###.##.##..# #..##
#.....##.##.##..#
....#########.....##.##.##..#
....'.......................#
....############'###..#.#...#####
....'...............#.#.#........
)...#'#####..###.#..#.#..........
...#...# #.........#.###..######


You could see a lemure and a killer bee (very drained).

Vanquished Creatures
  Prince Ribbit (D:7)
  A steam dragon (D:6)
  3 water moccasins
  An ice beast (D:6)
  3 black bears
  An ogre (D:6)
  3 phantoms
  2 centaurs
  A lemure (D:7)
  7 scorpions
  5 wights
  4 killer bees
  3 hounds
  A jelly (D:6)
  An orc priest (D:3)
  An iguana (D:3)
  An orc wizard (D:3)
  5 adders
  3 gnolls
  2 ufetubi
  2 worms
  2 dart slugs
  15 orcs
  10 endoplasms
  2 giant cockroaches (D:1)
  5 goblins
  13 hobgoblins
  5 jackals
  2 quokkas (D:2)
  8 ball pythons
  A bat (D:2)
  5 frilled lizards
  2 kobolds
  5 rats
126 creatures vanquished.

Notes
Turn   | Place    | Note
-------+----------+-------------------------------------------
     0 | D:1      | Demigod47 the Minotaur Fighter began the quest for the Orb.
     0 | D:1      | Reached XP level 1. HP: 19/19 MP: 0/0
   272 | D:1      | Reached XP level 2. HP: 21/27 MP: 1/1
   642 | D:1      | Reached XP level 3. HP: 25/33 MP: 2/2
   972 | D:2      | Reached XP level 4. HP: 40/40 MP: 3/3
  1280 | D:2      | Found a faded altar of an unknown god.
  1375 | D:2      | Prayed at the altar of an unknown god.
  1375 | D:2      | Became a worshipper of Zin the Law-Giver
  1375 | D:2      | Reached * piety under Zin
  1705 | D:2      | Identified the +3 leather armour of Senn {rN+ Regen+ Dex+3}
  2233 | D:3      | Reached skill level 1 in Dodging
  2395 | D:3      | Reached skill level 5 in Maces & Flails
  2395 | D:3      | Reached XP level 5. HP: 33/46 MP: 4/4
  2707 | D:4      | Reached ** piety under Zin
  2949 | D:4      | Noticed a phantom
  2958 | D:4      | Killed a phantom
  2959 | D:4      | Reached XP level 6. HP: 49/53 MP: 5/5
  3201 | D:4      | Identified the +12 hand axe of Quurph {drain, rPois Int+4
                  | Dex-5 Stlth+}
  3248 | D:4      | Was placed under penance by Zin
  3336 | D:5      | Entered Level 5 of the Dungeon
  3337 | D:5      | Fell from the grace of Zin
  3344 | D:5      | Noticed a water moccasin
  3350 | D:5      | Killed a water moccasin
  3351 | D:5      | Reached skill level 1 in Axes
  3351 | D:5      | Reached skill level 5 in Armour
  3378 | D:5      | Reached skill level 5 in Fighting
  3378 | D:5      | Reached skill level 2 in Axes
  3378 | D:5      | Reached XP level 7. HP: 54/61 MP: 6/6
  3426 | D:5      | Got the Monograph on the Unified Snake
  3435 | D:5      | Reached skill level 1 in Invocations
  3593 | D:5      | Reached skill level 3 in Axes
  3599 | D:5      | Found Etaytus's Antique Armour Shop.
  3600 | D:5      | Found Ukun's Jewellery Emporium.
  3833 | D:5      | Found Oralaff's General Store.
  3948 | D:5      | Reached skill level 4 in Axes
  4001 | D:5      | Found a staircase to the Ecumenical Temple.
  4047 | Temple   | Entered the Ecumenical Temple
  4071 | Temple   | Became a worshipper of Warmaster Okawaru
  4400 | D:5      | Reached skill level 5 in Axes
  4400 | D:5      | Reached XP level 8. HP: 70/70 MP: 7/7
  4550 | D:5      | Gained mutation: Armour fits poorly on your strangely
                  | shaped body. [potion of mutation]
  4550 | D:5      | Gained mutation: You passively map a small area around you.
                  | [potion of mutation]
  4686 | D:6      | Reached * piety under Okawaru
  4687 | D:6      | Reached skill level 6 in Axes
  4841 | D:6      | Reached skill level 7 in Axes
  5239 | D:6      | Reached XP level 9. HP: 75/75 MP: 8/8
  5347 | D:6      | Reached ** piety under Okawaru
  5348 | D:6      | Reached skill level 8 in Axes
  5743 | D:7      | Found a flagged portal.
  5785 | D:7      | Reached skill level 5 in Shields
  5796 | D:7      | Noticed Prince Ribbit
  5798 | D:7      | Found a basalt altar of Yredelemnul.
  5806 | D:7      | Killed Prince Ribbit
  5807 | D:7      | Reached skill level 9 in Axes
  5824 | D:7      | Noticed Pikel
  5848 | D:7      | HP: 3/78 [lemure[Pikel] (8)]
  5850 | D:6      | HP: 1/78 [killer bee (2)]
  5850 | D:6      | Slain by a lemure

Illustrated notes

Levels and vault maps discovered:
D:1:      reono_arrival_mine, layout_basic
D:2:      layout_basic, hellmonk_ecumenical_altar_heavens_door
D:3:      layout_loops_ring, kennysheep_pointless_box, st_stairs_3,
          grunt_decor_one_mirror
D:4:      layout_gridville, hangedman_abyss_or_decor_stabs
D:5:      layout_loops_ring, minmay_temple_entry_tees, serial_shops,
          nicolae_shop_trees, nicolae_wooded_promenade, kennysheep_crisscross
D:6:      layout_basic, sigmund_army
D:7:      layout_rooms, amcnicky_altar_gilded,
          nicolae_hepliaklqana_monster_ancestors, fedhas_altar_fruit_tree,
          enter_bailey_2, kennysheep_dice, uniq_prince_ribbit1, uniq_pikel
Temple:   minmay_temple_bridge_abc

Skill      XL: |  1  2  3  4  5  6  7  8  9 |
---------------+----------------------------+-----
Armour         | 4 5 6 7 8 |  8.0
Shields        | 4 5 |  5.0
Fighting       | 4 5 6 |  6.5
Maces & Flails | 3 5 6 |  6.2
Dodging        | 1 3 |  3.2
Axes           | 2 5 7 9 |  9.5
Invocations    | 1 |  1.0
Stealth        | |  0.8

Action                   |  1- 3 |  4- 6 |  7- 9 || total
-------------------------+-------+-------+-------++-------
Melee: Flail             |    53 |    90 |       ||   143
       Headbutt          |     5 |    10 |    11 ||    26
       Hand axe          |       |    11 |    95 ||   106
Invok: Recite            |       |     2 |       ||     2
       Renounce Religion |       |     1 |       ||     1
  Use: Potion            |       |     7 |     2 ||     9
       Scroll            |       |     3 |     4 ||     7
Armor: Scale mail        |    24 |    28 |       ||    52
       Chain mail        |       |    36 |    40 ||    76
Dodge: Dodged            |    30 |    51 |    88 ||   169
Block: Buckler           |    12 |    25 |    32 ||    69
